 Dungeon Crawl Stone Soup version 0.17.0-57-g0e89251 (webtiles) character file.

193 DeXoteric the Cutter (level 5, -7/26 HPs)
             Began as a Vine Stalker Warper on Dec 7, 2015.
             Killed by divine providence
             ... invoked by an orc priest
              (12 damage)
             ... on level 4 of the Dungeon.
             The game lasted 00:10:47 (3184 turns).

DeXoteric the Cutter (Vine Stalker Warper)          Turns: 3184, Time: 00:10:47

Health: -7/26      AC:  9    Str: 15    XL:     5   Next: 72%
Magic:  0/9        EV: 11    Int: 13    God:
Gold:   158        SH:  0    Dex: 13    Spells: 1 memorised, 7 levels left

rFire  . . .     SeeInvis .     a - +0 short sword
rCold  . . .     Clarity  .     u - +3 leather armour
rNeg   . . .     SustAt   .     (no shield)
rPois  .         Gourm    .     h - +0 helmet
rElec  .         Spirit   +     r - +0 cloak
rCorr  .         Warding  .     (no gloves)
rMut   .         Stasis   .     m - +0 pair of boots
MR     .....                    (no amulet)
Stlth  ++........               (no ring)
                                (no ring)

@: not resistant to hostile enchantments, unstealthy
A: fangs 2, regeneration 1, magic shield, antimagic bite, no device heal 3, rot
immunity
a: no special abilities


You were on level 4 of the Dungeon.
You were hungry.

You visited 1 branch of the dungeon, and saw 4 of its levels.

You collected 158 gold pieces.

Inventory:

Hand Weapons
 a - a +0 short sword (weapon)
Missiles
 e - 5 tomahawks of dispersal (quivered)
 k - 10 poisoned needles
Armour
 h - a +0 helmet (worn)
 m - a +0 pair of boots (worn)
 r - a +0 cloak (worn)
 u - a +3 leather armour (worn)
Scrolls
 d - a scroll of blinking
 g - a scroll of identify
 l - a scroll of recharging {unknown}
 n - a scroll of teleportation {unknown}
 p - a scroll of amnesia {unknown}
 s - a scroll of enchant weapon {unknown}
Potions
 o - a potion of curing
 v - a potion of cure mutation
Books
 c - a book of Spatial Translocations

   Spells                             Type                      Level
   a - Apportation                    Translocation                1
   b - Blink                          Translocation                2
   c - Shroud of Golubria             Charms/Translocation         2
   d - Portal Projectile              Translocation                3
   e - Teleport Other                 Translocation                3
   f - Passage of Golubria            Translocation                4
Comestibles
 b - 4 chunks of flesh
 f - 2 bread rations
 t - a meat ration


   Skills:
 - Level 1.7 Fighting
 * Level 5.0 Short Blades
 - Level 0.8 Throwing
 - Level 0.7 Armour
 - Level 1.5 Dodging
 + Level 1.6 Stealth
 - Level 2.1 Spellcasting
 - Level 3.0 Translocations


You had 7 spell levels left.
You knew the following spells:

 Your Spells              Type           Power        Failure   Level  Hunger
A - Apportation           Tloc           #.........   10%         1    ##.....


Dungeon Overview and Level Annotations

Branches:
Dungeon (4/15)
 Temple: D:4-7

Altars:
Ashenzari
Gozag
Trog
Yredelemnul


Innate Abilities, Weirdness & Mutations

You have extremely sharp teeth.
Your natural rate of healing is unusually fast.
When hurt, damage is shared between your health and your magic reserves.
Your bite disrupts and absorbs the magic of your enemies.
Potions and wands cannot restore your health.
You are immune to rotting.


Message History

The water moccasin zombie barely misses you.
The orc wizard hits you but does no damage.
The orc priest hits you but does no damage.
The orc misses you.
You barely miss the orc wizard.
The orc wizard hits you but does no damage.
The water moccasin zombie bites you.
* * * LOW HITPOINT WARNING * * *
The orc priest casts a cantrip, but nothing happens.
You closely miss the orc priest. Your bite misses the orc priest.
The orc wizard hits you but does no damage.
The water moccasin zombie bites you.
* * * LOW HITPOINT WARNING * * *
The orc closely misses you. The orc wizard hits you with a dagger.
* * * LOW HITPOINT WARNING * * *
You hit the orc priest.
The water moccasin zombie bites you but does no damage.
The orc priest invokes the aid of Beogh against you.
Something smites you!
You die...

#.........######..####.#
#...)..................#
##...................##.#####
#....................#####...
#........................'...
#...................######..[
#.######............# ###.
#.######....ooo.....# #.
#......#....fZo.....# #.
######.#....##...#### #.
#.#..#=#....##...# #######.
..>.................. ........
.#............................
#.#..#.#######......######.#.
......#.# #......# ###'#.
#.####.# #......# #..... #.
#.# #...#### #.....


You could see an orc priest, an orc wizard, 2 orcs and a water moccasin zombie.

Vanquished Creatures
  Natasha (thrice) (D:3)
  A hound zombie (D:3)
  Robin (D:3)
  4 adders
  An ooze (D:3)
  4 worms
  2 giant geckos
  3 orcs (D:3)
  A giant cockroach (D:2)
  8 hobgoblins
  6 jackals
  5 kobolds
  A quokka (D:3)
  A ball python (D:3)
  9 bats
  5 giant newts
  22 goblins
  6 rats
  A spectral orc (D:2)
84 creatures vanquished.

Notes
Turn   | Place    | Note
--------------------------------------------------------------
     0 | D:1      | DeXoteric the Vine Stalker Warper began the quest for the Orb.
     0 | D:1      | Reached XP level 1. HP: 11/11 MP: 4/4
   141 | D:1      | Reached XP level 2. HP: 13/15 MP: 4/6
   533 | D:1      | Reached XP level 3. HP: 18/18 MP: 7/7
  1118 | D:2      | Found a bloodstained altar of Trog.
  1288 | D:2      | Reached skill level 1 in Stealth
  1400 | D:2      | Reached XP level 4. HP: 23/23 MP: 8/8
  1933 | D:2      | Found a basalt altar of Yredelemnul.
  2049 | D:3      | Reached skill level 4 in Short Blades
  2059 | D:3      | Noticed Robin
  2099 | D:3      | Reached XP level 5. HP: 24/26 MP: 9/9
  2115 | D:3      | Killed Robin
  2335 | D:3      | Found a shattered altar of Ashenzari.
  2348 | D:3      | Noticed Natasha
  2354 | D:3      | Killed Natasha
  2487 | D:3      | Noticed Natasha
  2491 | D:3      | Killed Natasha
  2510 | D:3      | Found a faded altar to an unknown god.
  2511 | D:3      | Noticed Natasha
  2519 | D:3      | Killed Natasha
  2744 | D:3      | Found an opulent altar of Gozag.
  2941 | D:4      | Reached skill level 5 in Short Blades
  3184 | D:4      | Killed from afar by an orc priest

Action                   |  1- 3 |  4- 6 || total
-------------------------+-------+-------++-------
Melee: Short sword       |   127 |   220 ||   347
  Use: Scroll            |       |     4 ||     4
 Stab: Sleeping          |     1 |       ||     1
  Eat: Chunk             |     2 |     5 ||     7
